 Dungeon Crawl Stone Soup version 0.21.0-3-g78d12a8 (webtiles) character file.

289101 Monsterracer the Brawler (level 19, -5/168 HPs)
             Began as a Demonspawn Gladiator on Jan 11, 2018.
             Was a High Priest of Qazlal.
             Killed from afar by a crystal guardian (42 damage)
             ... with a crystal bolt
             ... in the Desolation of Salt.
             The game lasted 01:28:40 (38741 turns).

Monsterracer the Brawler (Demonspawn Gladiator)    Turns: 38741, Time: 01:28:41

Health: -5/168     AC: 41    Str: 21    XL:     19   Next: 90%
Magic:  0/32       EV: 14    Int: 10    God:    Qazlal [*****.]
Gold:   3026       SH: 29    Dex: 16    Spells: 16/18 levels left

rFire    + . .     SeeInvis .     - Unarmed
rCold    + + .     Gourm    .   h - +2 large shield {rC+}
rNeg     . . .     Faith    .   y - +10 chain mail "Areavew" {rPois}
rPois    +         Spirit   +   S - +1 helmet
rElec    .         Reflect  .   M - +2 cloak
rCorr    .         Harm     .   (gloves unavailable)
MR       +....                  H - +2 pair of boots {Stlth+}
Stlth    ..........             s - amulet of regeneration
HPRegen  0.78/turn              p - +5 ring of evasion
MPRegen  0.46/turn              A - +5 ring of protection

@: protected from fire, berserk cooldown, hasted and slowed, repel missiles
A: claws 3, slimy green scales 3, cold resistance 1, robust 1, magic shield,
magic regeneration, magic link
}: 2/15 runes: decaying, gossamer
a: Upheaval, Elemental Force, Disaster Area, Renounce Religion


You were in the Desolation of Salt.
You worshipped Qazlal.
Qazlal was extremely pleased with you.
You were hungry.

You visited 6 branches of the dungeon, and saw 34 of its levels.
You also visited: Labyrinth, Ice Cave and Desolation.

You collected 3642 gold pieces.
You spent 616 gold pieces at shops.

Inventory:

Missiles
 d - 6 throwing nets (quivered)
Armour
 f - a +0 shield
 h - a +2 large shield of cold resistance (worn)
 y - the +10 chain mail "Areavew" (worn) {rPois}
   (You bought it in a shop on level 2 of the Orcish Mines)

   It protects you from poison.
 B - the +2 hat of the Bear Spirit {Spirit, +Rage rN+ MR++}
   (You found it on level 2 of the Orcish Mines)

   It protects you from negative energy.
   It affects your resistance to hostile enchantments.
   It lets you go berserk.
 H - a +2 pair of boots of stealth (worn)
 M - a +2 cloak (worn)
 R - the +3 crown of Dyrovepreva {rElec Int+2 SInv}
   (You found it on level 2 of the Vaults)

   It affects your intelligence (+2).
   It insulates you from electricity.
   It lets you see invisible.
 S - a +1 helmet (worn)
Jewellery
 p - a +5 ring of evasion (left claw)
 s - an amulet of regeneration (around neck)
 t - an uncursed ring of protection from fire {!d}
 v - an uncursed ring of protection from magic {!d}
 A - a +5 ring of protection (right claw)
 P - an uncursed ring of protection from cold {!d}
Wands
 q - a wand of flame (155)
 z - a wand of iceblast (29)
 D - a wand of clouds (8)
 F - a wand of acid (8)
 L - a wand of scattershot (4)
Scrolls
 a - 14 scrolls of fog
 b - 11 scrolls of teleportation
 e - 12 scrolls of identify
 g - 22 scrolls of remove curse
 u - 2 scrolls of fear {!r}
 w - 3 scrolls of enchant weapon
 x - 6 scrolls of blinking
 G - 2 scrolls of enchant armour
 J - 3 scrolls of magic mapping {!r}
Potions
 i - 3 potions of berserk rage {!q}
 j - 9 potions of agility
 k - a potion of brilliance
 l - 3 potions of cancellation
 m - 3 potions of heal wounds
 n - 4 potions of lignification
 o - 7 potions of resistance
 r - 5 potions of ambrosia {!q}
 C - 7 potions of curing
 E - 8 potions of flight
 I - a potion of might
 K - 2 potions of invisibility
 N - 2 potions of haste
 O - a potion of mutation {!q}
Comestibles
 c - 53 rations


   Skills:
 + Level 14.6 Fighting
   Level 3.7 Axes
 - Level 1.8 Throwing
 + Level 13.4 Armour
 - Level 5.7 Dodging
 + Level 13.1 Shields
 * Level 18.9 Unarmed Combat
 + Level 18.1 Invocations
 + Level 4.3 Evocations


You had 16 spell levels left.
You knew the following spells:

 Your Spells              Type           Power        Failure   Level  Hunger
e - Blink                 Tloc           N/A          100%        2    ###....


Dungeon Overview and Level Annotations

Branches:
Dungeon (15/15)            Temple (0/1) D:6            Lair (6/6) D:10
  Swamp (4/4) Lair:3       Spider (4/4) Lair:3        Slime (0/5) Lair:6
    Orc (2/2) D:12            Elf (0/3) Orc:2        Vaults (3/5) D:14
 Depths (0/5) D:15
  Crypt: Vaults:2-3

Altars:
Ashenzari
Cheibriados
Dithmenos
Elyvilon
Gozag
Kikubaaqudgha
Makhleb
Nemelex Xobeh
Okawaru
Qazlal
Ru
Sif Muna
Trog
Uskayaw
Vehumet
Wu Jian
Xom
Yredelemnul
The Shining One
Beogh
Jiyva

Shops:
D:7 *   D:9 (((?%   Orc:2 [([(=   Vaults:2 :

Annotations:
Lair:6 1 runed door


Innate Abilities, Weirdness & Mutations

You have claws for hands.
You are completely covered in slimy green scales. (AC +4, rPois)
Your flesh is cold resistant. (rC+)
You are robust. (+10% HP)
When hurt, damage is shared between your health and your magic reserves.
You regenerate magic rapidly.
When low on magic, you restore magic in place of health.


Message History

You destroy the saltling!
The blast of rubble hits the ragged hierophant.
The ragged hierophant is moderately wounded.
The cutting wind hits the peacekeeper.
You destroy the peacekeeper!
The cutting wind hits the halazid warlock.
The halazid warlock is heavily damaged.
The cutting wind hits the ragged hierophant.
The ragged hierophant is almost dead.
The blast of ice hits the ragged hierophant.
The ragged hierophant is heavily wounded.
The ragged hierophant is flash-frozen.
The blast of ice hits the ragged hierophant.
The ragged hierophant is almost dead.
The ragged hierophant is flash-frozen.
The blast of rubble hits the halazid warlock.
The halazid warlock is almost destroyed.
The blast of magma engulfs the ragged hierophant.
The ragged hierophant is almost dead.
The blast of rubble hits the ragged hierophant.
You kill the ragged hierophant!
Qazlal accepts your kill.
Your life force feels restored.
The blast of ice hits the saltling.
The saltling is heavily damaged.
The saltling is flash-frozen.
The blast of ice hits the ragged hierophant.
You kill the ragged hierophant!
The ragged hierophant's corpse dissolves into shadows!
The blast of ice hits the peacekeeper.
The peacekeeper partially resists.
The peacekeeper is severely damaged.
The peacekeeper is flash-frozen.
The blast of ice hits the saltling.
You destroy the saltling!
Qazlal accepts your kill.
The blast of magma engulfs the saltling.
You destroy the saltling!
Qazlal accepts your kill.
The cutting wind hits the halazid warlock.
You destroy the halazid warlock!
Qazlal accepts your kill.
The blast of rubble hits the peacekeeper.
You destroy the peacekeeper!
Qazlal accepts your kill.
The blast of rubble hits the saltling.
The saltling is almost destroyed.
You hear a shout!
You block the saltling's attack. x2
You now have 2/32 mp.
You claw the saltling!
You destroy the saltling!
Qazlal accepts your kill.
The saltling hits you but does no damage.
You mangle the saltling!!
You destroy the saltling!
Qazlal accepts your kill.
You regained 2 mp, and now have 4/32 mp.
The guardian serpent casts a spell at you.
You feel as though you will be slow longer.
The guardian serpent coils itself and waves its upper body at you.
You easily resist.
The guardian serpent weaves intricate patterns with the tip of its tongue.
You regained 2 mp, and now have 7/32 mp.
You mangle the crystal guardian!!
The crystal guardian is moderately damaged.
You mangle the crystal guardian!!
The crystal guardian is almost destroyed.
You block the crystal guardian's attack.
Unknown command.
You mangle the crystal guardian!!
You destroy the crystal guardian!
Qazlal accepts your kill.
The guardian serpent hits you but does no damage.
Found a pair of runed gloves.
You scratch the guardian serpent.
The guardian serpent is lightly wounded.
The guardian serpent hits you but does no damage.
You mangle the guardian serpent!!
You kill the guardian serpent!
Qazlal accepts your kill.
Really quaff
r - 6 potions of ambrosia {!q}?
You are confused.
You feel invigorated.
A crystal guardian comes into view.
You regained 6 hp, and now have 25/168 hp.
You regained 3 mp, and now have 13/32 mp.
Okay, then.
You hear a roar!
You regained 6 hp, and now have 31/168 hp.
You regained 6 mp, and now have 19/32 mp.
You feel less invigorated.
You feel less confused.
You hear a roar!
You regained 6 hp, and now have 37/168 hp.
You regained 4 mp, and now have 23/32 mp.
You hear a roar!
The crystal guardian fires a crystalline bolt at you.
The crystal bolt burns you!
Your resistance to physical damage fades away.
You feel protected from fire.
You die...

#######.#
#######.#
#######.##
#######8.
#######..
#######.##
#######..####
#######@§#.[#
#######..#..... ..
#######§.#######§.
#######§...≈.#..§§
#######...≈.......
#######...).....§.
#######........§§§
#######.......§..§
#######........§.§


You could see a crystal guardian.

Vanquished Creatures
  Rupert (Lair:4)
  A lich (Vaults:2)
  The ghost of NormalPerson7 the Severer, an adept DDFi of Makhleb (Spider:3)
  Gastronok (Lair:3)
  4 thorn hunters
  A sphinx (Vaults:3)
  A tengu reaver (Vaults:2)
  4 vault wardens
  2 orc warlords
  6 ghost moths
  3 frost giants
  8 emperor scorpions
  2 ironheart preservers (Vaults:1)
  2 war gargoyles (Vaults:3)
  4 very ugly things (Vaults:2)
  5 entropy weavers
  The ghost of Sayani the Severer, a journeyman MiBe of Trog (Lair:5)
  2 stone giants
  The ghost of arkorax the Blocker, a journeyman GnFi of Elyvilon (Lair:5)
  2 halazid warlocks (Desolation)
  Snorg (Lair:3)
  A crystal guardian (Desolation)
  A minotaur (Lab)
  5 fire dragons
  4 ragged hierophants (Desolation)
  2 yaktaur captains
  A rakshasa (Vaults:2)
  The ghost of mopl the Covert, a journeyman TeEn of Dithmenos (Lair:4)
  Harold (Lair:3)
  2 servants of whispers (Desolation)
  6 vault guards (Vaults:3)
  3 ghost crabs
  Fannar (Lair:3)
  8 peacekeepers (Desolation)
  15 hydras
  An ice dragon (Vaults:1)
  8 centaur warriors
  6 alligators
  5 tengu warriors
  A queen ant (Spider:2)
  14 two-headed ogres
  3 ogre magi
  An orc high priest (Orc:2)
  A deep elf knight (Vaults:1)
  Urug (Orc:1)
  Nergalle (Lair:3)
  21 skeletal warriors
  A fire crab (Swamp:4)
  A spriggan druid (Swamp:3)
  3 deep trolls (Vaults:1)
  2 unseen horrors
  2 shambling mangroves
  5 wizards
  A deep elf archer (Vaults:1)
  A flayed ghost (D:15)
  3 necromancers
  6 ironbrand convokers
  6 swamp dragons
  4 harpies (Vaults:2)
  2 lindwurms (Swamp:4)
  19 ugly things
  10 orc knights
  14 wolf spider zombies (Spider:2)
  12 orb spiders
  A sphinx zombie (D:15)
  7 cyclopes
  8 orc sorcerers
  5 deep elf magi
  26 wolf spiders
  3 oklob plants
  6 elephants (Lair:5)
  2 guardian serpents
  3 centaur zombies
  2 torpor snails
  10 vault sentinels
  8 black mambas
  2 ice statues (IceCv)
  An eye of devastation (shapeshifter) (D:15)
  2 molten gargoyles (Desolation)
  A naga mage (Vaults:2)
  18 spiny frogs
  3 rime drakes
  5 komodo dragons
  5 freezing wraiths
  24 yaktaurs
  A rime drake (shapeshifter) (D:14)
  16 redback zombies (Spider:2)
  14 demonic crawlers
  A guardian mummy (D:15)
  2 tengu conjurers
  3 meliai (D:15)
  28 jumping spiders
  A queen bee (D:15)
  19 hornets
  18 polar bears
  11 trolls
  4 tyrant leeches
  Grinder (D:2)
  7 bog bodies
  21 slime creatures
  28 saltlings (Desolation)
  5 tarantella zombies (Spider:2)
  7 blink frogs
  3 dream sheep (Lair:4)
  A spriggan zombie (D:15)
  A meliai zombie (D:15)
  12 hippogriffs
  An ettin zombie (D:15)
  An ice dragon zombie (D:15)
  22 tarantellas
  A vampire (D:11)
  58 redbacks
  3 shadows
  2 spriggans (Swamp:2)
  An orc simulacrum (Vaults:3)
  50 yaks
  A spriggan (shapeshifter) (Vaults:2)
  3 wraiths
  10 wyverns
  A human (D:8)
  4 basilisks
  A fire elemental (Swamp:4)
  5 hungry ghosts (Lab)
  2 steam dragons (Swamp:4)
  11 vampire mosquitoes
  3 wargs
  Grum (D:9)
  A warg (shapeshifter) (D:13)
  16 insubstantial wisps
  An acid dragon (D:14)
  26 soldier ants
  24 swamp worms
  19 water moccasins
  The ghost of barbarian the Digger, an amateur OpEE (D:3)
  A sky beast (D:11)
  11 porcupines
  15 swamp drakes
  2 phantoms
  51 orc warriors
  5 ice beasts
  5 black bears
  A tengu (shapeshifter) (D:15)
  8 boggarts
  A necrophage (D:12)
  18 centaurs
  24 ogres
  15 wolves
  13 crocodiles
  Blork the orc (D:4)
  2 big kobolds
  19 bullfrogs
  A wyvern zombie (D:12)
  2 wyvern skeletons
  2 scorpions
  39 killer bees
  A troll skeleton (Lab)
  16 wights
  3 electric eels (D:3)
  3 howler monkeys
  6 crimson imps
  4 lava snakes (Lab)
  A bullfrog zombie (D:6)
  3 quasits
  6 hounds
  27 orc priests
  A bullfrog skeleton (D:5)
  10 centaur skeletons
  2 jellies
  A gnoll shaman (D:9)
  An iron imp (Orc:2)
  5 iguanas
  42 orc wizards
  27 worker ants
  An ogre skeleton (Lab)
  A hound zombie (D:8)
  3 hound skeletons
  2 worker ant zombies (D:5)
  14 gnolls
  18 adders
  4 shadow imps
  A white imp (Orc:2)
  2 oozes
  2 adder skeletons (D:4)
  17 worms
  3 dart slugs
  3 leopard geckos
  148 orcs
  2 ball pythons
  11 bats
  7 giant cockroaches
  9 hobgoblins
  4 jackals (D:1)
  20 kobolds
  5 quokkas
  3 frilled lizards
  8 goblins
  A jackal zombie (D:5)
  A leopard gecko skeleton (D:4)
  A quokka skeleton (D:5)
  12 rats
  9 briar patches
  2 plants
  3 withered plants (D:15)
1586 creatures vanquished.

Vanquished Creatures (others)
  Nikola (Vaults:1)
  A sphinx (Vaults:1)
  2 swamp dragons (Swamp:4)
  A spiny frog (Swamp:1)
  2 steam dragons (Swamp:4)
  A swamp worm (Swamp:1)
  3 swamp drakes (Swamp:4)
  An orc wizard (Orc:1)
  3 orcs
  9 briar patches
  21 fungi
  19 plants
  2 withered plants (D:15)
66 creatures vanquished.

Grand Total: 1652 creatures vanquished

Notes
Turn   | Place    | Note
-------+----------+-------------------------------------------
     0 | D:1      | Monsterracer the Demonspawn Gladiator began the quest for the Orb.
     0 | D:1      | Reached XP level 1. HP: 16/16 MP: 1/1
    79 | D:1      | Gained mutation: When hurt, damage is shared between your health and your magic reserves. [demonic ancestry]
    79 | D:1      | Reached XP level 2. HP: 19/22 MP: 2/2
   452 | D:1      | Gained mutation: You have sharp fingernails. [demonic ancestry]
   452 | D:1      | Reached XP level 3. HP: 26/27 MP: 3/3
   919 | D:2      | Reached skill level 1 in Unarmed Combat
  1162 | D:2      | Gained mutation: You have very sharp fingernails. [demonic ancestry]
  1162 | D:2      | Reached XP level 4. HP: 29/33 MP: 4/4
  1528 | D:2      | Found a white marble altar of Elyvilon.
  1684 | D:2      | Noticed an air elemental
  1686 | D:2      | Found a stormy altar of Qazlal.
  1687 | D:2      | Noticed a fire elemental
  1687 | D:2      | Noticed an earth elemental
  1687 | D:2      | Noticed a water elemental
  1693 | D:2      | Became a worshipper of Qazlal Stormbringer
  1807 | D:3      | HP: 16/33 [gnoll (3)]
  1813 | D:3      | HP: 15/33 [gnoll (2)]
  1928 | D:3      | Reached XP level 5. HP: 24/38 MP: 5/5
  2077 | D:3      | Noticed Grinder
  2080 | D:3      | Paralysed by Grinder for 2 turns
  2085 | D:3      | Paralysed by Grinder for 4 turns
  2088 | D:3      | HP: 17/38 [Grinder (3)]
  2253 | D:2      | HP: 16/38 [Grinder (4)]
  2268 | D:2      | HP: 12/38 [Grinder/nerve-wracking pain (6)]
  2281 | D:3      | HP: 13/38 [worm (1)]
  2514 | D:2      | HP: 18/38 [Grinder (3)]
  2528 | D:2      | HP: 13/38 [Grinder (2)]
  2534 | D:2      | HP: 12/38 [Grinder/nerve-wracking pain (2)]
  2542 | D:2      | HP: 11/38 [Grinder (2)]
  2545 | D:2      | Killed Grinder
  2545 | D:2      | Reached skill level 5 in Unarmed Combat
  2545 | D:2      | Reached XP level 6. HP: 13/44 MP: 5/6
  2787 | D:3      | Noticed barbarian's ghost (amateur OpEE)
  2804 | D:3      | HP: 19/44 [barbarian's ghost/stone arrow (10)]
  2806 | D:3      | Killed barbarian's ghost
  3035 | D:3      | Found a transporter.
  3252 | D:3      | Found a transporter.
  3286 | D:3      | HP: 20/44 [electric eel/bolt of electricity (8)]
  3459 | D:3      | Gained mutation: You have claws for hands. [demonic ancestry]
  3459 | D:3      | Reached XP level 7. HP: 42/50 MP: 7/7
  3503 | D:3      | HP: 19/50 [electric eel/bolt of electricity (10)]
  3695 | D:3      | HP: 23/50 [electric eel/bolt of electricity (5)]
  3696 | D:3      | Reached skill level 1 in Invocations
  3897 | D:3      | Reached * piety under Qazlal
  4118 | D:4      | Found a radiant altar of Vehumet.
  4230 | D:4      | Reached skill level 1 in Armour
  4438 | D:4      | Found a basalt altar of Yredelemnul.
  4457 | D:4      | Noticed Blork the orc
  4469 | D:4      | Killed Blork the orc
  4642 | D:4      | Found a shimmering altar of Xom.
  4934 | D:4      | Found a burning altar of Makhleb.
  5082 | D:5      | Entered Level 5 of the Dungeon
  5088 | D:5      | Reached XP level 8. HP: 50/58 MP: 10/10
  5225 | D:5      | Reached ** piety under Qazlal
  5541 | D:5      | HP: 28/58 [ogre/giant spiked club (11)]
  6274 | D:6      | Found a shadowy altar of Dithmenos.
  6304 | D:6      | Found an ancient bone altar of Kikubaaqudgha.
  6421 | D:6      | Found a sparkling altar of Nemelex Xobeh.
  6709 | D:6      | Found a staircase to the Ecumenical Temple.
  6853 | D:6      | Found a snail-covered altar of Cheibriados.
  7165 | D:7      | Found Gozag's Platinum Reserve.
  7269 | D:7      | Found an opulent altar of Gozag.
  7311 | D:7      | Gained mutation: You are partially covered in slimy green scales. (AC +2) [demonic ancestry]
  7311 | D:7      | Reached XP level 9. HP: 62/65 MP: 12/12
  7368 | D:7      | Reached *** piety under Qazlal
  7415 | D:7      | Found an ornate altar of the Wu Jian Council.
  7532 | D:7      | Found a deep blue altar of Sif Muna.
  7855 | D:8      | Found a shattered altar of Ashenzari.
  7991 | D:8      | Noticed a two-headed ogre
  8002 | D:8      | HP: 26/66 [two-headed ogre/giant spiked club (15)]
  8002 | D:8      | HP: 10/66 [two-headed ogre/giant spiked club (16)]
  8005 | D:8      | Killed a two-headed ogre
  8005 | D:8      | Reached skill level 5 in Invocations
  8010 | D:8      | HP: 12/67 [poisoned by a killer bee]
  8018 | D:8      | HP: 14/67 [poisoned by a killer bee]
  8180 | D:8      | Reached skill level 5 in Fighting
  8180 | D:8      | Reached skill level 5 in Dodging
  8592 | D:8      | Found a glowing golden altar of the Shining One.
  8795 | D:9      | Reached XP level 10. HP: 60/74 MP: 14/14
  8828 | D:9      | HP: 32/75 [wight/enchanted halberd (8)]
  9119 | D:9      | Paralysed by a hornet for 3 turns
  9120 | D:9      | HP: 37/76 [hornet (9)]
  9125 | D:9      | HP: 33/76 [poisoned by a hornet]
  9131 | D:9      | HP: 31/76 [poisoned by a hornet]
  9137 | D:9      | HP: 32/76 [poisoned by a hornet]
  9143 | D:9      | HP: 34/76 [poisoned by a hornet]
  9151 | D:9      | HP: 37/76 [poisoned by a hornet]
  9226 | D:9      | Found Kinojonu's Antique Weapon Shop.
  9273 | D:9      | Reached skill level 5 in Armour
  9297 | D:9      | Found Vicw's Magic Scroll Emporium.
  9305 | D:9      | Bought a scroll of blinking for 75 gold pieces
  9305 | D:9      | Bought a scroll of blinking for 75 gold pieces
  9305 | D:9      | Bought a scroll of teleportation for 30 gold pieces
  9328 | D:9      | Reached **** piety under Qazlal
  9352 | D:9      | Found Guywis's Food Shop.
  9373 | D:9      | Noticed a dagger
  9374 | D:9      | Noticed a hand axe
  9411 | D:9      | Found Kiaph's Antique Weapon Shoppe.
  9437 | D:9      | Found a bloodstained altar of Trog.
  9471 | D:9      | Found an iron altar of Okawaru.
  9525 | D:9      | Found a sacrificial altar of Ru.
  9525 | D:9      | Noticed Grum
  9534 | D:9      | Killed Grum
  9592 | D:9      | Found Zasem's Weapon Emporium.
  9721 | D:9      | Found a hide-covered altar of Uskayaw.
  9933 | D:10     | Entered Level 10 of the Dungeon
  9952 | D:10     | Noticed a two-headed ogre
  9960 | D:10     | HP: 35/76 [two-headed ogre/giant spiked club (14)]
  9965 | D:10     | Killed a two-headed ogre
  9965 | D:10     | Reached skill level 10 in Unarmed Combat
 10292 | D:10     | Noticed a deep elf mage
 10320 | D:10     | Killed a deep elf mage
 10405 | D:10     | Gained mutation: You are mostly covered in slimy green scales. (AC +3) [demonic ancestry]
 10405 | D:10     | Reached XP level 11. HP: 81/83 MP: 17/17
 10440 | D:10     | Found a staircase to the Lair.
 10470 | D:10     | Noticed a two-headed ogre
 10504 | D:10     | HP: 39/83 [two-headed ogre/giant club (7)]
 10508 | D:10     | Killed a two-headed ogre
 10525 | D:10     | HP: 42/84 [orc warrior/scimitar (4)]
 10532 | D:10     | HP: 35/84 [orc priest/divine providence (8)]
 10537 | D:10     | HP: 27/84 [orc priest/nerve-wracking pain (11)]
 10993 | Lair:1   | Entered Level 1 of the Lair of Beasts
 11062 | D:10     | Reached ***** piety under Qazlal
 11353 | Lair:1   | Noticed a five-headed hydra
 11438 | Lair:1   | Killed a five-headed hydra
 12122 | Lair:2   | Found a labyrinth entrance.
 12145 | Lab      | Entered a labyrinth
 12306 | Lab      | Reached skill level 10 in Invocations
 12353 | Lab      | Noticed a minotaur
 12368 | Lab      | Killed a minotaur
 12368 | Lab      | Reached XP level 12. HP: 93/93 MP: 11/19
 12407 | Lab      | Identified the Tome of Dusty Feathers
 12408 | Lab      | Got a transparent flail
 12422 | Lab      | Learned a level 2 spell: Blink
 13026 | Lair:3   | Noticed Nergalle
 13036 | Lair:3   | Killed Nergalle
 13067 | Lair:3   | Noticed Gastronok
 13079 | Lair:3   | HP: 45/94 [Gastronok (22)]
 13084 | Lair:3   | Noticed Harold
 13084 | Lair:3   | HP: 45/94 [hippogriff (3)]
 13337 | Lair:3   | Found a frozen archway.
 13346 | IceCv    | Entered an ice cave
 13397 | IceCv    | HP: 44/94 [yak (4)]
 13821 | IceCv    | Noticed a frost giant
 13834 | IceCv    | Killed a frost giant
 14248 | Lair:3   | Gained mutation: You regenerate magic rapidly. [demonic ancestry]
 14248 | Lair:3   | Reached XP level 13. HP: 96/101 MP: 19/21
 14252 | Lair:3   | Killed Harold
 14287 | Lair:3   | Noticed Fannar
 14302 | Lair:3   | Killed Fannar
 14302 | Lair:3   | Reached skill level 1 in Shields
 14484 | Lair:3   | Noticed Snorg
 14500 | Lair:3   | HP: 49/101 [Snorg (4)]
 14503 | Lair:3   | Killed Snorg
 14507 | Lair:3   | HP: 45/102 [Gastronok/the air (10)]
 14565 | Lair:3   | Killed Gastronok
 14648 | Lair:3   | Found a hole to the Spider Nest.
 14760 | Lair:3   | Found a staircase to the Swamp.
 15065 | Lair:4   | Noticed mopl's ghost (journeyman TeEn)
 15080 | Lair:4   | Killed mopl's ghost
 15124 | Lair:4   | Noticed Rupert
 15145 | Lair:4   | HP: 66/154 [Rupert/battleaxe of freezing (14)]
 15146 | Lair:4   | Killed Rupert
 15146 | Lair:4   | Reached skill level 10 in Fighting
 15155 | Lair:4   | HP: 46/103 [bullfrog (1)]
 15163 | Lair:4   | HP: 48/103 [hippogriff (1)]
 15180 | Lair:4   | HP: 51/103 [dream sheep[a torpor snail] (2)]
 15556 | Lair:4   | Found a basalt altar of Yredelemnul.
 16094 | Lair:5   | Noticed arkorax's ghost (journeyman GnFi)
 16094 | Lair:5   | Noticed Sayani's ghost (journeyman MiBe)
 16109 | Lair:5   | HP: 32/103 [Sayani's ghost (26)]
 16114 | Lair:4   | HP: 29/103 [bullfrog (6)]
 16698 | Lair:5   | Gained mutation: When low on magic, you restore magic in place of health. [demonic ancestry]
 16698 | Lair:5   | Reached XP level 14. HP: 105/111 MP: 23/23
 16734 | Lair:5   | Killed arkorax's ghost
 16821 | Lair:5   | HP: 48/111 [Sayani's ghost (12)]
 16822 | Lair:5   | HP: 17/111 [Sayani's ghost (31)]
 17090 | Lair:5   | HP: 81/166 [Sayani's ghost (25)]
 17101 | Lair:5   | Killed Sayani's ghost
 17833 | Lair:6   | Entered Level 6 of the Lair of Beasts
 17904 | Lair:6   | Found a runed door.
 17904 | Lair:6   | Found a viscous altar of Jiyva.
 17904 | Lair:6   | Found a staircase to the Slime Pits.
 17904 | Lair:6   | Noticed an acid blob
 17904 | Lair:6   | Noticed an acid blob
 17984 | Lair:6   | HP: 55/111 [poisoned by a black mamba]
 17989 | Lair:5   | HP: 51/111 [poisoned by a black mamba]
 17995 | Lair:5   | HP: 43/111 [poisoned by a black mamba]
 18002 | Lair:5   | HP: 41/111 [poisoned by a black mamba]
 18009 | Lair:5   | HP: 41/111 [poisoned by a black mamba]
 18017 | Lair:5   | HP: 41/111 [poisoned by a black mamba]
 18314 | Lair:6   | HP: 55/111 [poisoned by a spiny frog]
 18319 | Lair:5   | HP: 49/111 [poisoned by a spiny frog]
 18324 | Lair:5   | HP: 40/111 [poisoned by a spiny frog]
 18329 | Lair:5   | HP: 37/111 [poisoned by a spiny frog]
 18335 | Lair:5   | HP: 36/111 [poisoned by a spiny frog]
 18341 | Lair:5   | HP: 36/111 [poisoned by a spiny frog]
 19213 | Lair:6   | Reached skill level 5 in Shields
 19380 | Lair:6   | Got a translucent arbalest
 20355 | D:9      | Bought a scroll of enchant armour for 75 gold pieces
 20615 | D:12     | Found a staircase to the Orcish Mines.
 20622 | D:12     | Reached skill level 10 in Armour
 20791 | D:11     | HP: 52/113 [skeletal warrior/flail[a skeletal warrior] (8)]
 20799 | D:11     | HP: 48/113 [skeletal warrior/flail[a skeletal warrior] (1)]
 20895 | D:12     | Reached ****** piety under Qazlal
 21543 | Orc:1    | Entered Level 1 of the Orcish Mines
 21579 | Orc:1    | Reached XP level 15. HP: 108/119 MP: 25/25
 21835 | Orc:2    | Entered Level 2 of the Orcish Mines
 21835 | Orc:2    | Found a roughly hewn altar of Beogh.
 21878 | Orc:1    | Noticed Urug
 21881 | Orc:1    | Reached skill level 15 in Unarmed Combat
 21889 | Orc:1    | Killed Urug
 22331 | Orc:2    | Got a colourful robe
 22392 | Orc:2    | Found the +2 hat of the Bear Spirit {Spirit, +Rage rN+ MR++}
 22503 | Orc:2    | Found a roughly hewn altar of Beogh.
 22509 | Orc:2    | Found Vuimyidd's Weapon Shop.
 22555 | Orc:2    | Found a roughly hewn altar of Beogh.
 22588 | Orc:2    | Noticed an orc warlord
 22677 | Orc:1    | Killed an orc warlord
 22929 | Orc:2    | Found a staircase to the Elven Halls.
 22948 | Orc:2    | Found Tyidif's Antique Armour Boutique.
 22954 | Orc:2    | Bought a transparent chain mail for 361 gold pieces
 22964 | Orc:2    | Identified the +10 chain mail "Areavew" {rPois} (You bought it in a shop on level 2 of the Orcish Mines)
 23054 | Orc:2    | HP: 50/119 [sun demon[an orc sorcerer] (15)]
 23179 | Orc:2    | Noticed an orc warlord
 23204 | Orc:2    | Killed an orc warlord
 23207 | Orc:2    | Found Ceuprawate's Antique Weapon Boutique.
 23287 | Orc:2    | Found Wycitruwa's Antique Armour Shop.
 23288 | Orc:2    | Found a roughly hewn altar of Beogh.
 23357 | Orc:2    | Found a roughly hewn altar of Beogh.
 23452 | Orc:2    | Found a roughly hewn altar of Beogh.
 23496 | Orc:2    | Found a roughly hewn altar of Beogh.
 23498 | Orc:2    | Found Iptimeas's Jewellery Emporium.
 23748 | Orc:2    | Found a roughly hewn altar of Beogh.
 25549 | D:14     | Found a gate to the Vaults.
 25624 | D:15     | Entered Level 15 of the Dungeon
 25924 | D:15     | Found a staircase to the Depths.
 25928 | D:15     | HP: 55/120 [flayed ghost/flay_damage (20)]
 25932 | D:15     | HP: 27/120 [vampire mosquito (2)]
 25950 | D:15     | HP: 53/120 [skeletal warrior/war axe (9)]
 25955 | D:15     | HP: 45/120 [ice dragon zombie (1)]
 25966 | D:15     | HP: 28/120 [meliai/divine providence (6)]
 25976 | D:15     | HP: 27/120 [bullfrog (2)]
 25991 | D:15     | HP: 22/120 [skeletal warrior/dire flail (9)]
 26000 | D:15     | HP: 20/120 [skeletal warrior/scimitar[a skeletal warrior] (6)]
 26019 | D:15     | HP: 26/120 [ice dragon zombie (2)]
 26024 | D:15     | Gained mutation: Your flesh is cold resistant. (rC+) [demonic ancestry]
 26024 | D:15     | Reached XP level 16. HP: 43/127 MP: 24/27
 26805 | Spider:1 | Entered Level 1 of the Spider Nest
 26902 | Spider:1 | Reached skill level 15 in Invocations
 28025 | Spider:3 | Noticed NormalPerson7's ghost (adept DDFi)
 28049 | Spider:3 | Killed NormalPerson7's ghost
 28869 | Spider:2 | Reached skill level 10 in Shields
 28874 | Spider:2 | Reached XP level 17. HP: 131/135 MP: 28/28
 29038 | Spider:2 | Got an amethyst-encrusted leather armour
 29049 | Spider:2 | Identified the cursed +1 leather armour of the Monkey's Uncle {rPois Regen+} (You found it on level 2 of the Spider Nest)
 29648 | Spider:4 | Entered Level 4 of the Spider Nest
 30020 | Spider:4 | HP: 67/135 [poisoned by a redback]
 30025 | Spider:4 | HP: 65/135 [poisoned by a redback]
 30030 | Spider:4 | HP: 64/135 [poisoned by a redback]
 30035 | Spider:4 | HP: 64/135 [poisoned by a redback]
 30041 | Spider:4 | HP: 65/135 [poisoned by a redback]
 30049 | Spider:4 | HP: 67/135 [poisoned by a redback]
 30390 | Spider:4 | HP: 61/136 [something (10)]
 30406 | Spider:3 | HP: 50/136 [something (11)]
 30695 | Spider:4 | HP: 66/136 [poisoned by a ghost moth]
 30700 | Spider:4 | HP: 42/136 [poisoned by a ghost moth]
 30705 | Spider:4 | HP: 38/136 [poisoned by a ghost moth]
 30711 | Spider:4 | HP: 31/136 [poisoned by a ghost moth]
 30716 | Spider:4 | HP: 27/136 [poisoned by a ghost moth]
 30721 | Spider:4 | HP: 26/136 [poisoned by a ghost moth]
 30728 | Spider:4 | HP: 25/136 [poisoned by a ghost moth]
 30735 | Spider:4 | HP: 27/136 [poisoned by a ghost moth]
 30740 | Spider:4 | HP: 30/136 [poisoned by a ghost moth]
 31003 | Spider:4 | HP: 67/136 [something (11)]
 31134 | Spider:4 | Got a gossamer rune of Zot
 31595 | Swamp:1  | Entered Level 1 of the Swamp
 33326 | Swamp:3  | Got a warped spear
 33401 | Swamp:3  | Gained mutation: You are robust. (+10% HP) [demonic ancestry]
 33401 | Swamp:3  | Reached XP level 18. HP: 137/158 MP: 30/30
 33768 | Swamp:4  | Entered Level 4 of the Swamp
 33952 | Swamp:4  | HP: 78/158 [six-headed hydra (2)]
 33960 | Swamp:4  | HP: 79/158 [poisoned by a swamp dragon (blast of poison)]
 34052 | Swamp:4  | HP: 78/158 [fire dragon/blast of flame (10)]
 34058 | Swamp:4  | HP: 58/158 [fire dragon (5)]
 34063 | Swamp:4  | HP: 47/158 [fire dragon/blast of flame (7)]
 34072 | Swamp:4  | HP: 44/158 [lindwurm/blast of flame (5)]
 34463 | Swamp:4  | Got a decaying rune of Zot
 35057 | Vaults:1 | Entered Level 1 of the Vaults
 35332 | Vaults:1 | Noticed Nikola
 35345 | Vaults:1 | Killed Nikola
 36481 | Vaults:2 | Found Lakhunis's Book Emporium.
 36877 | Vaults:2 | Noticed a Brimstone Fiend
 36887 | Vaults:2 | HP: 71/160 [???[a lich] (39)]
 36891 | Vaults:2 | HP: 33/160 [balrug/divine providence[a lich] (6)]
 37069 | Vaults:2 | Got a dull robe
 37090 | Vaults:2 | Found a radiant altar of Vehumet.
 37091 | Vaults:2 | Found the +3 crown of Dyrovepreva {rElec Int+2 SInv}
 37092 | Vaults:2 | Found the +4 robe of Augmentation {Str+4 Int+4 Dex+4}
 37116 | Vaults:2 | Got a shadowed robe
 37172 | Vaults:2 | Gained mutation: You are completely covered in slimy green scales. (AC +4, rPois) [demonic ancestry]
 37172 | Vaults:2 | Reached XP level 19. HP: 167/167 MP: 31/31
 37244 | Vaults:2 | Reached skill level 1 in Evocations
 38440 | Vaults:3 | Got a smoking glaive {chop}
 38592 | Vaults:3 | Found a ruined gateway.
 38601 | Desolati | Entered the Desolation of Salt
 38614 | Desolati | HP: 84/168 [peacekeeper (12)]
 38619 | Desolati | HP: 52/168 [saltling (11)]
 38620 | Desolati | HP: 16/168 [saltling (16)]
 38628 | Desolati | HP: 24/168 [halazid warlock/bolt of negative energy (10)]
 38642 | Desolati | HP: 23/168 [peacekeeper (5)]
 38658 | Desolati | HP: 39/168 [halazid warlock/bolt of cold (7)]
 38688 | Desolati | HP: 31/168 [saltling (6)]
 38693 | Desolati | HP: 46/252 [saltling (1)]
 38714 | Desolati | HP: 34/252 [saltling (7)]
 38717 | Desolati | HP: 13/168 [saltling (9)]
 38723 | Desolati | HP: 25/168 [saltling (11)]
 38741 | Desolati | Killed from afar by a crystal guardian

Skill      XL: |  1  2  3  4  5  6  7  8  9 10 11 12 13 14 15 16 17 18 19 |
---------------+----------------------------------------------------------+-----
Axes           | 3 |  3.7
Unarmed Combat | 2 3 5 6 7 8 10 11 12 13 14 15 16 17 18 | 18.9
Invocations    | 2 4 6 8 10 11 12 13 14 15 16 17 18 | 18.1
Dodging        | 3 4 5 |  5.7
Armour         | 1 3 4 5 7 8 9 10 11 12 13 | 13.4
Fighting       | 3 4 5 6 8 9 10 11 12 13 14 | 14.6
Shields        | 3 5 8 10 11 12 13 | 13.1
Evocations     | 4 |  4.3
Throwing       | |  1.8

Action                   |  1- 3 |  4- 6 |  7- 9 | 10-12 | 13-15 | 16-18 | 19-21 || total
-------------------------+-------+-------+-------+-------+-------+-------+-------++-------
Melee: War axe           |   116 |       |       |       |       |       |       ||   116
       Unarmed           |       |   153 |   373 |   753 |  1632 |  1998 |   460 ||  5369
       Punch             |       |     1 |    12 |    24 |    46 |       |       ||    83
Throw: Throwing net      |       |     5 |     1 |     3 |       |       |       ||     9
Invok: Upheaval          |       |       |       |     4 |     9 |     5 |     4 ||    22
       Disaster Area     |       |       |       |     1 |     1 |     3 |     3 ||     8
 Abil: Evoke Berserk Rag |       |       |       |       |     3 |       |       ||     3
Evoke: Wand              |       |     1 |     2 |       |     6 |       |       ||     9
  Use: Scroll            |       |    10 |    10 |     7 |    10 |     8 |     4 ||    49
       Potion            |       |       |       |     1 |     1 |       |     7 ||     9
 Stab: Held in net/web   |       |     1 |       |     1 |       |       |       ||     2
       Distracted        |       |       |       |       |     1 |       |       ||     1
  Eat: Chunk             |     1 |     7 |    16 |    17 |    31 |    26 |     5 ||   103
       Ration            |       |       |       |     1 |     3 |     4 |       ||     8
Armor: Scale mail        |    98 |    63 |    75 |       |       |       |       ||   236
       Ring mail         |       |       |    22 |    23 |       |       |       ||    45
       Chain mail        |       |       |       |   199 |   298 |  1113 |   218 ||  1828
       Plate armour      |       |       |       |   127 |   775 |       |       ||   902
Dodge: Dodged            |    64 |    51 |   170 |   372 |  1061 |   916 |   183 ||  2817
       Deflected         |       |       |       |     4 |    24 |    13 |    11 ||    52
Block: Other             |       |       |    34 |   149 |   396 |       |       ||   579
       Shield            |       |       |       |       |   603 |  1604 |       ||  2207
       Large shield      |       |       |       |       |       |   746 |   718 ||  1464

Vault maps used:
D:1:      onia_arrival_handbag
D:2:      nicolae_qazlal_style_of_elements, lemuel_doored_altar
D:3:      gammafunk_steamed_eel, uniq_grinder
D:4:      marbit_many_paths, kennysheep_mini, nicolae_overflow_hidden_temple,
          first_ration, kennysheep_small_circle, uniq_blork_the_orc
D:5:      grunt_ministairs_3
D:6:      nicolae_overflow_crystal_walls, lemuel_crystal_altar,
          nemelex_xobeh_ov_fountains_minmay, lemuel_crystal_altar,
          minmay_temple_entry_large_hall
D:7:      lemuel_crystal_altar, old_standard_altar,
          nicolae_gozag_zags_fifth_avenue
D:8:      tso_oasis_becter, grunt_pizzeria, nicolae_ashenzari_panopticon
D:9:      old_standard_altar, dancing_weapons_uskayaw, lightli_temple_of_fire,
          serial_shops, shop_statue, nicolae_shop_behind_doors, shop,
          nicolae_shop_competitors_out_of_business, shop, basic_altar, uniq_grum
D:10:     due_lair_maze_entry_diamond
D:12:     orc_0_dummy, kennysheep_doodads
D:14:     david_vaults_1, amethyst_killhole
D:15:     gammafunk_depths_entry_grave, minmay_misc_feat_cross, special_room,
          hangedman_abyss_or_decor_passed
Lair:1:   grunt_megastairs_3
Lair:2:   lab_entry_generic
Lair:3:   swamp_mist, nicolae_spider_entry_tight_spaces, portal_ice_cave_rime,
          uniq_snorg, uniq_harold, uniq_fannar, uniq_gastronok, uniq_nergalle
Lair:4:   lemuel_oklob_altar, uniq_rupert
Lair:5:   cheibrodos_lair_lostbears, minmay_lair_oklob_chamber
Lair:6:   hangedman_lair_tendril_chambers, slime_altar_2
Swamp:1:  hangedman_swamp_ruin_wall, swamp_pool3
Swamp:2:  hangedman_swamp_pad, swamp_pool3, nicolae_swamp_dense_foliage
Swamp:3:  evilmike_swamp_ruin_house_2
Swamp:4:  swamp_fiery
Spider:2: lemuel_spider_zombies, minivault_29
Spider:4: grunt_spider_rune_circles, worms_lemuel
Orc:1:    uniq_urug
Orc:2:    grunt_orc_community_town_hall, grunt_orc_community_big_house_1,
          grunt_orc_community_big_house_1, grunt_orc_community_house_2,
          grunt_orc_community_house_3, grunt_orc_community_house_3,
          grunt_orc_community_house_2, basic_altar, serial_shops, shop,
          hangedman_minor_magic
Vaults:1: grunt_vaults_hallway_long, nicolae_vaults_network_barrier,
          ontoclasm_vaults_misaligned, v_misc_27, hangedman_vaults_trim,
          v_misc_24, nicolae_vaults_circle_grid_a, ontoclasm_vaults_chip,
          vaults_room_grunt_arrival_ludios, v_misc_23,
          hangedman_vaults_corner_blocks, uniq_nikola
Vaults:2: ontoclasm_vaults_bender, grunt_tower_of_power, ontoclasm_vaults_tryst,
          vaults_mumra_chevron_long, nicolae_vaults_network_quinsquares,
          grunt_vaults_hallway_long, v_misc_3, hangedman_vaults_locks,
          vaults_standard_mumra_x, v_pattern_1, hangedman_vaults_nodes,
          serial_shops, shop
Vaults:3: nicolae_vaults_gold_heap, v_misc_1, st_greater_box_4, v_rooms_1,
          nicolae_vaults_diagonal_hallway_8, ontoclasm_vaults_decontamination,
          nicolae_vaults_shelves_hall, blue_anna_dwarven_crypt,
          nicolae_vaults_what_the_h, ontoclasm_vaults_hangar,
          nicolae_vaults_little_ls, nicolae_vaults_shelves_hall,
          vaults_dpeg_diagonal, hangedman_vaults_trim,
          portal_desolation_entry_nicolae_slug
Lab:      labyrinth_watery, nicolae_lab_quarters, labyrinth_lava_lair,
          lab_block, nicolae_lab_swirl, labyrinth_skeletal_remains,
          nicolae_lab_t_cross, nicolae_lab_stuck, nicolae_lab_blocks,
          nicolae_lab_diamond
IceCv:    ice_cave_small_giant
